 Dungeon Crawl Stone Soup version 0.29-a0-97-g88c9fad16d (webtiles) character file.

Game seed: 2036977619660496428

3223 drugrobin the Spear-Bearer (level 9, -3/67 HPs)
             Began as a Demigod Warper on Feb 13, 2022.
             Slain by an unseen horror (8 damage)
             ... on level 7 of the Dungeon on Feb 14, 2022.
             The game lasted 00:26:04 (9583 turns).

drugrobin the Spear-Bearer (Demigod Warper)         Turns: 9583, Time: 00:26:05

Health: -3/67      AC: 11    Str: 16    XL:     9   Next: 39%
Magic:  8/14       EV: 12    Int: 21    God:
Gold:   431        SH:  0    Dex: 21    Spells: 6/11 levels left

rFire   + . .      SeeInvis .   a - +3 trident (vorpal)
rCold   . . .      Faith    .   (no shield)
rNeg    . . .      Spirit   .   y - +2 robe of the Iron City of Dis {rF+}
rPois   .          Reflect  .   (no helmet)
rElec   .          Harm     .   r - +1 cloak
rCorr   .          Rampage  .   (no gloves)
Will    .....                   n - +0 pair of boots
Stlth   ++........              (no amulet)
HPRegen 0.21/turn               L - +6 ring of intelligence
MPRegen 0.14/turn               h - +4 ring of protection

@: mighty
A: high MP 1, forlorn, divine attributes
a: no special abilities


You were on level 7 of the Dungeon.
You visited 1 branch of the dungeon, and saw 7 of its levels.

You collected 431 gold pieces.

Inventory:

Hand Weapons
 a - a +3 vorpal trident (weapon)
 b - a +0 hunting sling
 j - a +0 spear
 K - a +0 glaive
 M - a +0 halberd
 S - a +0 trident
Missiles
 d - 3 boomerangs of dispersal
 f - 87 bolts
 g - 5 poisoned darts
 l - 251 stones (quivered)
 o - 8 atropa-tipped darts
 x - a throwing net
 B - 14 sling bullets
 C - 2 javelins
Armour
 e - a +2 ring mail of fire resistance
 n - a +0 pair of boots (worn)
 r - a +1 cloak (worn)
 y - the +2 robe of the Iron City of Dis (worn) {rF+}
   (You found it on level 3 of the Dungeon)

   rF:        It protects you from fire.
 Q - a +0 leather armour
Jewellery
 h - a +4 ring of protection (right hand)
 i - the ring "Feabinlo" {rPois rCorr Stlth+}
   (You acquired it on level 7 of the Dungeon)

   [ring of resist corrosion]

   rPois:     It protects you from poison.
   rCorr:     It protects you from acid and corrosion.
   Stlth:     It makes you more stealthy.
 k - a ring of wizardry
 G - a +6 ring of intelligence
 L - a +6 ring of intelligence (left hand)
 R - an amulet of magic regeneration
Wands
 s - a wand of iceblast (4)
 D - a wand of acid (1)
Scrolls
 c - 5 scrolls of blinking
 t - a scroll of enchant weapon
 v - 2 scrolls of enchant armour
 A - a scroll of fog
 N - a scroll of teleportation
Potions
 u - a potion of lignification
 w - 2 potions of brilliance
 z - a potion of ambrosia
 E - a potion of haste
 J - 2 potions of flight


   Skills:
 - Level 1.7 Fighting
 + Level 12.6 Polearms
 - Level 0.8 Throwing
 - Level 0.8 Armour
 - Level 1.7 Dodging
 - Level 1.7 Spellcasting
 - Level 2.6 Translocations


You had 6 spell levels left.
You knew the following spells:

 Your Spells              Type           Power      Damage    Failure   Level
a - Blink                 Tloc           26%        N/A       8%          2
b - Teleport Other        Tloc           13%        N/A       16%         3

Your spell library contained the following spells:

 Spells                   Type           Power      Damage    Failure   Level
 Sandblast                Erth           2%         2d4       16%         1
 Gell's Gravitas          Tloc           13%        N/A       16%         3
 Lesser Beckoning         Tloc           13%        N/A       16%         3
 Passwall                 Tmut/Erth      0%         N/A       22%         2
 Stone Arrow              Conj/Erth      2%         3d7       41%         3
 Manifold Assault         Tloc           13%        N/A       80%         5


Dungeon Overview and Level Annotations

Branches:
Dungeon (7/15)             Temple (0/1) D:6

Annotations:
D:2 Grinder, Sigmund
D:7 Dowan, Duvessa


Innate Abilities, Weirdness & Mutations

You have an increased reservoir of magic. (+10% MP)
You shall have no god before yourself.
Your divine heritage dramatically boosts your attributes as you level up.


Message History

Aim: a gargoyle, wielding a +0 mace (heavily damaged, about 19% to evade your +3 vorpal trident)
You reach to attack!
You puncture the gargoyle!
You destroy the gargoyle!
Unknown command.
Unknown command.
You start resting.
Your magical contamination has completely faded away.
You start resting.
Your transformation is almost over.
You feel less wooden.
Your +1 cloak unmelds from your body.
Your +0 pair of boots unmelds from your body.
The +2 robe of the Iron City of Dis {rF+} unmelds from your body.
Items here: ))))) ††††.
Things that are here:
a +0 mace; a +0 club You hear the steady creaking of a very distant portcullis.
You see here a +0 dagger.
Reach: a) +3 trident (vorpal)
Press: ? - help, Dir - move target, f - you That would be overly suicidal.
Okay, then.
Unknown command.
Reach: a) +3 trident (vorpal)
Press: ? - help, Dir - move target You reach to attack!
Deactivating autopickup; reactivate with Ctrl-A.
You hit something. Something hits you but does no damage.
Unknown command.
Unknown command.
You puncture something! Something hits you.
* * * LOW HITPOINT WARNING * * *
You completely miss something. Something hits you.
* * * LOW HITPOINT WARNING * * *
Something hits you but does no damage.
Something hits you but does no damage. x2
Something hits you.
* * * LOW HITPOINT WARNING * * *
Something hits you!
You die...

# ###################
#.#...#.........##..#
.....<.#......).....#
#...#.......)....#
#...'.)..@..))...#
#..##....##.)##..# ###
#..##....##..#####
##.(####).##.........#
....(.....#..........#
.....(....#..........#
######.##.###.......##
######.##.###########
..#.........#


There were no monsters in sight!

Vanquished Creatures
  Pikel (D:6)
  A gargoyle (D:7)
  A kobold demonologist (D:7)
  An orc warrior (D:7)
  2 sky beasts
  2 ogres
  An ice beast (D:6)
  3 necrophages
  A centaur (D:6)
  3 lemures (D:6)
  A wyvern zombie (D:7)
  A water moccasin zombie (D:5)
  4 killer bees (D:7)
  3 howler monkeys
  An orc priest (D:4)
  2 hounds
  2 bullfrog skeletons
  A jelly (D:5)
  4 iguanas
  Ijyb (D:2)
  2 orc wizards
  A hound zombie (D:5)
  2 hound skeletons (D:4)
  A howler monkey zombie (D:7)
  4 gnolls
  A howler monkey skeleton (D:4)
  13 adders
  A white imp (D:5)
  An ufetubus (D:3)
  An adder skeleton (D:4)
  5 dart slugs
  26 orcs
  6 endoplasms
  2 giant cockroaches (D:1)
  8 goblins
  8 hobgoblins
  2 quokkas
  5 ball pythons
  6 bats
  4 frilled lizards
  16 kobolds
  5 rats
156 creatures vanquished.

Vanquished Creatures (collateral kills)
  A water moccasin (D:7)
  A kobold brigand (D:7)
  A bullfrog (D:7)
  A gnoll shaman (D:7)
  A kobold (D:7)
5 creatures vanquished.

Vanquished Creatures (others)
  11 plants (D:1)
11 creatures vanquished.

Grand Total: 172 creatures vanquished

Notes
Turn   | Place    | Note
-------+----------+-------------------------------------------
     0 | D:1      | drugrobin the Demigod Warper began the quest for the Orb.
     0 | D:1      | Reached XP level 1. HP: 17/17 MP: 5/5
    36 | D:1      | Reached skill level 2 in Polearms
   202 | D:1      | Reached XP level 2. HP: 24/24 MP: 7/7
   893 | D:2      | Reached skill level 3 in Polearms
  1102 | D:2      | Noticed Sigmund
  1240 | D:1      | Reached XP level 3. HP: 20/29 MP: 8/8
  1906 | D:2      | Reached skill level 4 in Polearms
  2214 | D:2      | Reached XP level 4. HP: 36/36 MP: 9/9
  2366 | D:2      | Learned a level 2 spell: Blink
  2370 | D:2      | Learned a level 3 spell: Teleport Other
  3591 | D:3      | Reached skill level 5 in Polearms
  3632 | D:3      | HP: 1/36 [adder (3)]
  3636 | D:3      | Reached XP level 5. HP: 9/41 MP: 7/10
  3990 | D:3      | Noticed Ijyb
  3990 | D:3      | Noticed Grinder
  3994 | D:3      | Paralysed by Grinder for 5 turns
  4005 | D:3      | Paralysed by Grinder for 2 turns
  4216 | D:2      | Killed Ijyb
  4503 | D:3      | Paralysed by Grinder for 2 turns
  4530 | D:2      | Paralysed by Grinder for 5 turns
  4933 | D:3      | Identified the +2 robe of the Iron City of Dis {rF+}
  5470 | D:4      | Reached skill level 6 in Polearms
  5470 | D:4      | Reached XP level 6. HP: 32/48 MP: 11/11
  6392 | D:5      | Entered Level 5 of the Dungeon
  6768 | D:5      | Reached skill level 7 in Polearms
  6842 | D:5      | Reached XP level 7. HP: 44/53 MP: 12/12
  7066 | D:5      | Reached skill level 8 in Polearms
  7620 | D:6      | Found a staircase to the Ecumenical Temple.
  7931 | D:6      | Reached skill level 9 in Polearms
  8182 | D:6      | Noticed Pikel
  8263 | D:6      | Killed Pikel
  8264 | D:6      | Reached skill level 10 in Polearms
  8264 | D:6      | Reached XP level 8. HP: 39/60 MP: 11/13
  9220 | D:7      | Reached skill level 11 in Polearms
  9234 | D:7      | Noticed a kobold demonologist
  9239 | D:7      | Noticed a gargoyle
  9246 | D:7      | Identified a scroll of acquirement
  9246 | D:7      | Acquired the ring "Feabinlo" {rPois rCorr Stlth+}
  9332 | D:7      | Noticed Duvessa
  9333 | D:7      | Noticed Dowan
  9461 | D:7      | Reached XP level 9. HP: 30/67 MP: 14/14
  9533 | D:7      | Killed a kobold demonologist
  9534 | D:7      | Reached skill level 12 in Polearms
  9545 | D:7      | Killed a gargoyle
  9583 | D:7      | Slain by an unseen horror

Illustrated notes

Levels and vault maps discovered:
D:1:      shiori_arrival_elements, layout_basic,
          chequers_ecumenical_altar_simple_redux, nicolae_grassy_gnolls
D:2:      layout_basic, hex_tiny, chequers_serial_rivers_large_b, uniq_sigmund
D:3:      layout_rooms, gammafunk_temple_overflow_claw,
          nemelex_dance_club_becter, small_statue_intersection,
          grunt_ministairs_11, uniq_ijyb, uniq_grinder
D:4:      layout_gridville, nzn_wu_jian_contemplation
D:5:      layout_cave_pods, nicolae_vehumet_altar_sigil,
          nzn_hepliaklqana_mist_gate, lemuel_round_altar
D:6:      layout_loops_ring, mainiacjoe_overflow_paths,
          nicolae_uskayaw_suspiria, amcnicky_altar_gilded,
          minmay_temple_entry_wispy, minivault_4, grunt_tough_drop, uniq_pikel
D:7:      minmay_the_grid_plus_closed [minmay_the_grid_stretched_grid,
          minmay_the_grid_box_x, minmay_the_grid_odd_star,
          minmay_the_grid_eight, minmay_the_grid_prize_big_room],
          layout_gridville, enter_bailey_2, solitary_fountain, uniq_duvessa

Skill      XL: |  1  2  3  4  5  6  7  8  9 |
---------------+----------------------------+-----
Polearms       | 2 3 4 5 6 7 10 11 12 | 12.6
Fighting       | |  1.7
Throwing       | |  0.8
Armour         | |  0.8
Dodging        | |  1.7
Spellcasting   | |  1.7
Translocations | |  2.6

Action                   |  1- 3 |  4- 6 |  7- 9 || total
-------------------------+-------+-------+-------++-------
Melee: Spear             |   163 |   238 |       ||   401
       Punch             |     2 |     2 |     2 ||     6
       Trident           |       |   149 |   200 ||   349
       Halberd           |       |       |    55 ||    55
 Fire: Hunting sling     |       |       |     4 ||     4
Throw: Dart              |    10 |     8 |    21 ||    39
       Boomerang         |     2 |       |       ||     2
       Stone             |     3 |    31 |    14 ||    48
 Cast: Blink             |       |     7 |     8 ||    15
       Teleport Other    |       |       |     5 ||     5
Evoke: Wand              |       |     1 |       ||     1
  Use: Potion            |       |     2 |     4 ||     6
       Scroll            |       |       |    18 ||    18
 Stab: Sleeping          |     1 |     1 |       ||     2
       Invisible         |       |     1 |       ||     1
Armor: Leather armour    |    47 |    80 |       ||   127
       Ring mail         |       |    15 |       ||    15
       Robe              |       |    43 |    80 ||   123
Dodge: Dodged            |    81 |   200 |   124 ||   405

Table legend: (Time is in decaauts)
 A = Elapsed time spent in this place.
 B = Non-inter-level travel time spent in this place.
 C = Inter-level travel time spent in this place.
 D = Time resting spent in this place.
 E = Time spent auto-exploring this place.
 F = Levels seen in this place.
 G = Mean time per level.
                   A        B        C        D        E       F      G
               +--------+--------+--------+--------+--------+-----+--------+
         Total |   9514 |   9211 |    303 |   1833 |   4954 |   7 | 1359.1 |
       Dungeon |   9514 |   9211 |    303 |   1833 |   4954 |   7 | 1359.1 |
               +--------+--------+--------+--------+--------+-----+--------+

Top non-repeatable levels by time:
     D:2: 2794 daAuts
     D:6: 1548 daAuts
     D:3: 1336 daAuts
     D:1: 1258 daAuts
     D:5: 1216 daAuts
     D:4: 998 daAuts
     D:7: 361 daAuts
